 Dungeon Crawl Stone Soup version 0.18-a0-1120-g03bd624 (webtiles) character file.

942 gorblad the Skirmisher (level 7, 0/60 HPs)
             Began as a Demonspawn Chaos Knight on Jan 17, 2016.
             Slain by Pikel
             ... wielding a +0 whip of flaming
              (1 damage)
             ... on level 5 of the Dungeon.
             The game lasted 00:09:42 (4480 turns).

gorblad the Skirmisher (Demonspawn Chaos Knight)    Turns: 4480, Time: 00:09:42

Health: 0/60       AC:  9    Str: 14    XL:     7   Next: 88%
Magic:  7/7        EV: 14    Int: 13    God:    Xom [.*....]
Gold:   170        SH:  0    Dex: 13    Spells: 0 memorised, 6 levels left

rFire  + . .     SeeInvis .     a - +1 spear (chaos)
rCold  . . .     Gourm    .     b - +3 leather armour
rNeg   . . .     Faith    .     (no shield)
rPois  .         Spirit   .     (no helmet)
rElec  .         Dismiss  .     k - +0 cloak
rCorr  .         Reflect  .     (no gloves)
SustAt .         Harm     .     o - +0 pair of boots
MR     .....                    (no amulet)
Stlth  +.........               g - ring of protection from fire
                                l - +3 ring of slaying

@: very slightly contaminated, not resistant to hostile enchantments, very
unstealthy
A: talons 1, rugged brown scales 1, powered by pain 1
a: Renounce Religion


You were on level 5 of the Dungeon.
You worshipped Xom.
You were a plaything of Xom.
You were hungry.

You visited 1 branch of the dungeon, and saw 5 of its levels.

You collected 170 gold pieces.

Inventory:

Hand Weapons
 a - a +1 spear of chaos (weapon)
Armour
 b - a +3 leather armour (worn)
 k - a +0 cloak (worn)
 o - a +0 pair of boots (worn)
Jewellery
 g - a ring of protection from fire (right hand)
 l - a +3 ring of slaying (left hand)
Scrolls
 e - 5 scrolls of identify
 j - a scroll of magic mapping
 p - a scroll of enchant armour
Potions
 i - a potion of flight
Comestibles
 c - 2 bread rations
 f - a royal jelly
 h - 3 meat rations


   Skills:
 * Level 6.4 Fighting
 - Level 2.6 Polearms
 - Level 1.7 Armour
 + Level 6.4 Dodging


You had 6 spell levels left.
You didn't know any spells.

Dungeon Overview and Level Annotations

Branches:
Dungeon (5/15)
 Temple: D:4-7

Altars:
Ru
Vehumet
Zin

Annotations:
D:5 Pikel


Innate Abilities, Weirdness & Mutations

You have sharp toenails.
You are partially covered in rugged brown scales (AC +1, +3% HP).
You sometimes gain a little power by taking damage.


Message History

* * * LOW HITPOINT WARNING * * *
Pikel burns you.
* * * LOW HITPOINT WARNING * * *
Drink which item? (? for menu, Esc to quit)
Okay, then.
Read which item? (? for menu, Esc to quit)
Blink to where?
Press: ? - help, Dir - move target cursor You are very lightly contaminated with residual magic.
As you read the scroll of blinking, it crumbles to dust.
You hit Pikel.
Pikel is heavily wounded.
Pikel misses you. Pikel hits you with a whip of flaming.
* * * LOW HITPOINT WARNING * * *
You hit Pikel.
Pikel is heavily wounded.
Pikel is no longer berserk.
The hound barely misses you. Pikel hits you with a whip of flaming.
You die...
Xom cackles wildly!

#.## .![ ..# #.# #h###.#
#.# #p§...# #.# ####..#
#.# #..# ###.#
#.######p.# ####.#.#
#.........#
.......##########h...###
................@K.....+
###)...##########....###
###.#.# ##......#
#.....# #.#b##.# #.###.#
#.#.# # #.# #.# ....#
##.###.# #.... .......#
### ##.#####


You could see Pikel, a slave and a hound.

Vanquished Creatures
  A sky beast (D:5)
  An ice beast (D:5)
  A slave (D:5)
  2 ogres
  2 giant frogs (D:3)
  A centaur zombie (D:5)
  A hound (D:3)
  2 orc priests
  A giant frog skeleton (D:4)
  Terence (D:2)
  2 orc wizards
  2 worker ants
  11 adders
  2 oozes (D:4)
  5 worms
  2 giant geckos
  6 orcs
  2 giant cockroaches
  5 goblins
  4 hobgoblins
  6 kobolds
  3 quokkas
  4 ball pythons
  6 bats
  A giant newt (D:1)
  9 rats
  A butterfly (D:5)
84 creatures vanquished.

Notes
Turn   | Place    | Note
--------------------------------------------------------------
     0 | D:1      | gorblad the Demonspawn Chaos Knight began the quest for the Orb.
     0 | D:1      | Reached XP level 1. HP: 18/18 MP: 1/1
   181 | D:1      | Reached skill level 1 in Dodging
   747 | D:2      | Gained mutation: You sometimes gain a little power by taking damage. [demonic ancestry]
   747 | D:2      | Reached XP level 2. HP: 17/24 MP: 2/2
  1079 | D:2      | XOM: silly message
  1107 | D:2      | Reached XP level 3. HP: 29/29 MP: 3/3
  1224 | D:2      | Noticed Terence
  1231 | D:2      | Killed Terence
  1231 | D:2      | Reached XP level 4. HP: 26/35 MP: 4/4
  1580 | D:2      | XOM: silly message
  1757 | D:2      | Reached skill level 4 in Dodging
  1895 | D:3      | Noticed an ogre
  1904 | D:3      | XOM: potion effect (haste)
  1905 | D:3      | XOM: cast spell 'Confusing Touch'
  1908 | D:3      | Killed an ogre
  1908 | D:3      | Reached skill level 5 in Dodging
  1908 | D:3      | Gained mutation: You are partially covered in rugged brown scales (AC +1, +3% HP). [demonic ancestry]
  1908 | D:3      | Reached XP level 5. HP: 5/42 MP: 5/5
  2327 | D:3      | Found a glowing silver altar of Zin.
  2415 | D:3      | Gained mutation: You have sharp toenails. [demonic ancestry]
  2415 | D:3      | Reached XP level 6. HP: 34/49 MP: 6/6
  2424 | D:3      | HP: 2/49 [something (4)]
  2589 | D:3      | XOM: divination: detect items
  2779 | D:3      | XOM: cast spell 'Shadow Creatures'
  2781 | D:3      | XOM: potion effect (brilliance)
  2794 | D:3      | XOM: silly message
  3419 | D:4      | XOM: divination: detect items
  3444 | D:4      | Reached XP level 7. HP: 56/56 MP: 7/7
  3494 | D:4      | Reached skill level 5 in Fighting
  3642 | D:4      | Found a sacrificial altar of Ru.
  3642 | D:4      | Found a radiant altar of Vehumet.
  3676 | D:5      | Entered Level 5 of the Dungeon
  3799 | D:5      | Reached skill level 6 in Dodging
  3805 | D:5      | XOM: mild Conj miscast
  4140 | D:5      | XOM: butterfly on damage
  4285 | D:5      | XOM: mild Fire miscast
  4444 | D:5      | XOM: snakes to sticks
  4446 | D:5      | Noticed Pikel
  4472 | D:5      | HP: 3/60 [Pikel/whip of flaming (1)]
  4479 | D:5      | HP: 1/60 [Pikel/whip of flaming (4)]
  4480 | D:5      | Slain by Pikel

Vault maps used:
D:1:      nagdon_arrival_zigzag_paths, minmay_misc_feat_x,
          kennysheep_pointless_box, minmay_misc_feat_enclosed
D:2:      minmay_misc_feat_diagonals, minmay_misc_feat_pillars, uniq_terence
D:3:      zin_academy, kennysheep_doodads, grunt_ministairs_11
D:4:      gammafunk_temple_overflow_elements
D:5:      minmay_temple_entry_butterflies, first_bread, uniq_pikel, uniq_edmund

Action                   |  1- 3 |  4- 6 |  7- 9 || total
-------------------------+-------+-------+-------++-------
Melee: Spear             |    72 |   170 |   109 ||   351
  Use: Scroll            |     7 |     4 |     3 ||    14
       Potion            |       |     3 |       ||     3
 Stab: Sleeping          |       |     1 |     1 ||     2
       Paralysed         |       |       |     2 ||     2
       Confused          |       |       |     1 ||     1
  Eat: Chunk             |     1 |     7 |     3 ||    11
